 Dungeon Crawl Stone Soup version 0.28-a0-1389-gc726bef33b (webtiles) character file.

Game seed: 2285157168613300826

189 siradein the Skirmisher (level 5, -6/59 HPs)
             Began as an Ogre Berserker on Jan 4, 2022.
             Was a Believer of Trog.
             Mangled by a gnoll (16 damage)
             ... on level 4 of the Dungeon.
             The game lasted 00:12:20 (4315 turns).

siradein the Skirmisher (Ogre Berserker)            Turns: 4315, Time: 00:12:21

Health: -6/59      AC:  3    Str: 23    XL:     5   Next: 68%
Magic:  5/5        EV: 10    Int:  8    God:    Trog [**....]
Gold:   142        SH:  0    Dex:  8    Spells: 4/4 levels left

rFire   . . .      SeeInvis +   a - +0 mace
rCold   . . .      Faith    .   (no shield)
rNeg    . . .      Spirit   .   n - +0 robe {Will+}
rPois   .          Reflect  .   (helmet restricted)
rElec   .          Harm     .   (no cloak)
rCorr   .          Rampage  .   (gloves unavailable)
Will    +++..                   (boots unavailable)
Stlth   +.........              (no amulet)
HPRegen 1.19/turn               m - ring of see invisible
MPRegen 0.09/turn               (no ring)

@: strong-willed, on berserk cooldown, regenerating, slowed, very slow
A: large, unfitting armour, tough skin 1
a: Renounce Religion, Berserk, Trog's Hand


You were on level 4 of the Dungeon.
You worshipped Trog.
Trog was pleased with you.
You visited 1 branch of the dungeon, and saw 4 of its levels.

You collected 142 gold pieces.

Inventory:

Hand Weapons
 a - a +0 mace (weapon)
Armour
 n - a +0 robe of willpower (worn)
Jewellery
 b - a ring of fire
 m - a ring of see invisible (left hand)
Scrolls
 d - 3 scrolls of identify {unknown}
 e - 2 scrolls of brand weapon {unknown}
 g - a scroll of fog {unknown}
 h - a scroll of immolation {unknown}
 j - a scroll of vulnerability {unknown}
 o - a scroll of amnesia {unknown}
Potions
 c - 2 potions of attraction {unknown}
 f - a potion of might {unknown}
 i - 2 potions of curing {unknown}
 k - a potion of flight {unknown}
 l - a potion of invisibility {unknown}


   Skills:
 + Level 5.7 Fighting
 + Level 3.9 Maces & Flails
 + Level 3.9 Dodging


You had 4 spell levels left.
You didn't know any spells.
Your spell library was empty.

Dungeon Overview and Level Annotations

Branches:
Dungeon (4/15)
 Temple: D:4-7

Altars:
Ashenzari
Nemelex Xobeh
Qazlal
Ru
Wu Jian
Xom
Yredelemnul

Shops:
D:2 ?

Annotations:
D:3 1 runed translucent door


Innate Abilities, Weirdness & Mutations

You are too large for most types of armour.
You have tough skin. (AC +1)


Message History

You hit the kobold but do no damage. The gnoll closely misses you.
The kobold closely misses you.
You completely miss the kobold.
The kobold hits you with a +0 short sword.
A red film seems to cover your vision as you go berserk!
You feel yourself moving faster!
You feel mighty!
The gnoll hits you from afar with a +0 halberd.
The kobold hits you with a +0 short sword.
You thump the kobold!
You kill the kobold!
Trog accepts your kill.
The gnoll hits you from afar with a +0 halberd!
The gnoll barely misses you.
You see here a +0 short sword.
You hit the gnoll.
The gnoll is heavily wounded.
A gnoll comes into view. It is wielding a +0 halberd.
The gnoll hits you with a +0 halberd!
* * * LOW HITPOINT WARNING * * *
You closely miss the gnoll.
The gnoll is heavily wounded.
The gnoll hits you with a +0 halberd!
* * * LOW HITPOINT WARNING * * *
You sock the gnoll!
You kill the gnoll!
Trog accepts your kill.
You feel a strong urge to attack something.
You feel your anger nearly subside.
You are no longer berserk.
You are exhausted.
You feel yourself slow down.
Your skin crawls.
You feel strong-willed.
The gnoll hits you from afar with a +0 halberd.
* * * LOW HITPOINT WARNING * * *
The gnoll barely misses you. The gnoll hits you with a +0 halberd.
* * * LOW HITPOINT WARNING * * *
You hit the gnoll but do no damage. The gnoll closely misses you.
The gnoll hits you with a +0 halberd!
You die...

. #.#..PPP≈≈≈≈≈..≈... ..
#.#...≈.≈≈≈≈PP≈≈P.≈
.).###...#..≈≈≈≈≈≈≈≈≈≈≈≈
..............≈≈≈≈≈≈≈≈P≈
...##...###...P≈≈≈≈≈≈≈≈≈
#....###..(≈≈P≈≈≈≈≈≈
#...#.##.#..≈.≈P≈P≈≈
###..#...##...≈..≈P≈
#@###.####.......≈
##g#.## #........ ##)#
#.#...#.#
###.######.#...#.#
#).>.......##.#..#
..........##(#..##.#..#
...###.##.##.#..##.#.##
# #. ...........### #.
.##.#.###^#.##


You could see a gnoll.

Vanquished Creatures
  A human zombie (D:3)
  An orc wizard (D:3)
  2 gnolls (D:4)
  5 adders
  An adder skeleton (D:4)
  3 worms
  A dart slug (D:1)
  4 orcs
  2 ball pythons
  6 bats
  4 endoplasms
  5 giant cockroaches
  2 hobgoblins (D:2)
  A jackal (D:1)
  7 kobolds
  2 quokkas (D:3)
  5 frilled lizards
  2 goblins
  A kobold zombie (D:3)
  3 rats
58 creatures vanquished.

Notes
Turn   | Place    | Note
-------+----------+-------------------------------------------
     0 | D:1      | siradein the Ogre Berserker began the quest for the Orb.
     0 | D:1      | Reached XP level 1. HP: 24/24 MP: 1/1
   544 | D:1      | Reached XP level 2. HP: 32/32 MP: 2/2
   906 | D:1      | Found a faded altar of an unknown god.
  1378 | D:2      | Reached XP level 3. HP: 27/40 MP: 3/3
  1883 | D:2      | Found Wura's Magic Scroll Shoppe.
  1973 | D:3      | Found a shimmering altar of Xom.
  1973 | D:3      | Found a shimmering altar of Xom.
  1973 | D:3      | Found a shimmering altar of Xom.
  1982 | D:3      | Found a shimmering altar of Xom.
  1983 | D:3      | Found a shimmering altar of Xom.
  1983 | D:3      | Found a shimmering altar of Xom.
  1989 | D:3      | Found a shimmering altar of Xom.
  2344 | D:3      | Reached ** piety under Trog
  2352 | D:3      | Found a sacrificial altar of Ru.
  2406 | D:3      | Reached XP level 4. HP: 26/49 MP: 4/4
  2559 | D:3      | Found a broken altar of Ashenzari.
  2583 | D:3      | Reached skill level 5 in Fighting
  3272 | D:3      | Reached XP level 5. HP: 57/57 MP: 5/5
  3515 | D:3      | Noticed a human
  3555 | D:3      | Found a runed translucent door.
  3555 | D:3      | Found a basalt altar of Yredelemnul.
  4040 | D:4      | Found a sparkling altar of Nemelex Xobeh.
  4100 | D:4      | Found a stormy altar of Qazlal.
  4158 | D:4      | Found an ornate altar of the Wu Jian Council.
  4315 | D:4      | Mangled by a gnoll

Illustrated notes

Levels and vault maps discovered:
D:1:      dpeg_arrival_circle_labyrinth_c, layout_basic,
          shapermc_ecumenical_altar_rom_forum, minmay_misc_feat_nine_boxes,
          minivault_26, minivault_4, minmay_tripent
D:2:      layout_basic, serial_shops, nicolae_shop_trees, minmay_between
D:3:      kb_forest_paths, layout_loops_ring, hangedman_ru_absence,
          ashenzari_altar_1, nicolae_xom_altar_mimics, dk_yredelemnul_ordeal
D:4:      layout_loops_cross, grunt_qazlal_clouds, nzn_wu_jian_contemplation,
          old_standard_altar, chequers_big_river, minmay_starry_boxes

Skill      XL: |  1  2  3  4 |
---------------+-------------+-----
Maces & Flails | 3 |  3.9
Dodging        | 3 |  3.9
Fighting       | 5 |  5.7

Action                   |  1- 3 |  4- 6 || total
-------------------------+-------+-------++-------
Melee: Mace              |    99 |   104 ||   203
Invok: Berserk           |       |     1 ||     1
       Trog's Hand       |       |     1 ||     1
Armor: Animal skin       |    39 |    14 ||    53
       Robe              |       |     5 ||     5
Dodge: Dodged            |    72 |    57 ||   129

Table legend: (Time is in decaauts)
 A = Elapsed time spent in this place.
 B = Non-inter-level travel time spent in this place.
 C = Inter-level travel time spent in this place.
 D = Time resting spent in this place.
 E = Time spent auto-exploring this place.
 F = Levels seen in this place.
 G = Mean time per level.
                   A        B        C        D        E       F      G
               +--------+--------+--------+--------+--------+-----+--------+
         Total |   4361 |   4309 |     52 |      0 |   3799 |   4 | 1090.2 |
       Dungeon |   4361 |   4309 |     52 |      0 |   3799 |   4 | 1090.2 |
               +--------+--------+--------+--------+--------+-----+--------+

Top non-repeatable levels by time:
     D:3: 2050 daAuts
     D:1: 1221 daAuts
     D:2: 769 daAuts
     D:4: 320 daAuts
